 Dungeon Crawl Stone Soup version 0.29-a0-886-gfb1a3fa8b1 (webtiles) character file.

Game seed: 16234565312144567890

10 Locuples the Slasher (level 2, -1/25 HPs)
             Began as a Minotaur Gladiator on July 21, 2022.
             Succumbed to a goblin's poison
             ... on level 1 of the Dungeon.
             The game lasted 00:00:42 (136 turns).

Locuples the Slasher (Minotaur Gladiator)            Turns: 136, Time: 00:00:43

Health: -1/25      AC:  8    Str: 18    XL:     2   Next: 10%
Magic:  1/1        EV:  8    Int:  5    God:
Gold:   13         SH:  0    Dex: 11    Spells: 1/1 levels left

rFire   . . .      SeeInvis .   a - +0 long sword
rCold   . . .      Faith    .   (no shield)
rNeg    . . .      Spirit   .   f - +0 chain mail
rPois   .          Reflect  .   c - +0 hat
rElec   .          Harm     .   (no cloak)
rCorr   .          Rampage  .   (no gloves)
Will    .....                   (no boots)
Stlth   ..........              (no amulet)
HPRegen 0.08/turn               (no ring)
MPRegen 0.07/turn               (no ring)

@: lethally poisoned (-1 -> -17)
A: horns 2, retaliatory headbutt
a: no special abilities


You were on level 1 of the Dungeon.
You visited 1 branch of the dungeon, and saw 1 of its levels.

You collected 13 gold pieces.

Inventory:

Hand Weapons
 a - a +0 long sword (weapon)
Missiles
 d - 3 throwing nets (quivered)
 e - a javelin
Armour
 b - a +0 leather armour
 c - a +0 hat (worn)
 f - a +0 chain mail (worn)
Scrolls
 h - a scroll of fear {unknown}
Potions
 g - a potion of invisibility {unknown}


   Skills:
 + Level 2.6 Fighting
 + Level 4.0 Long Blades
 - Level 2.0 Throwing
 + Level 0.2 Armour
 + Level 3.5 Dodging


You had one spell level left.
You didn't know any spells.
Your spell library was empty.

Dungeon Overview and Level Annotations

Branches:
Dungeon (1/15)

Altars:


Innate Abilities, Weirdness & Mutations

You have a pair of horns on your head.
You reflexively headbutt those who attack you in melee.


Message History

The kobold shouts!
The hobgoblin shouts!
A goblin comes into view. It is wielding a +0 dagger of venom.
The goblin shouts!
You hit the hobgoblin.
The hobgoblin is severely wounded.
The hobgoblin barely misses you. The hobgoblin hits you.
You hit the hobgoblin.
You kill the hobgoblin!
The kobold completely misses you.
A giant cockroach comes into view.
You closely miss the kobold.
A giant cockroach comes into view.
The kobold hits you but does no damage.
You slash the kobold!
You kill the kobold!
You have reached level 2!
You closely miss the goblin. The goblin hits you but does no damage.
You are poisoned.
You hit the goblin.
The goblin is moderately wounded.
You feel very sick. The goblin barely misses you.
The goblin hits you but does no damage.
You are lethally poisoned!
You miss the goblin. Your headbutt misses the goblin.
The goblin is moderately wounded.
You feel very sick. The goblin hits you but does no damage.
You are more poisoned.
You slash the goblin!
You kill the goblin!
You feel extremely sick.
Your Long Blades skill increases to level 4!
You closely miss the giant cockroach. You headbutt the giant cockroach.
You kill the giant cockroach!
* * * LOW HITPOINT WARNING * * *
You feel very sick.
You hit the giant cockroach.
Your headbutt misses the giant cockroach.
The giant cockroach is heavily wounded.
You die...

.......###.## ....####
....##.##...## ## ###
.........###.## .#
....##..## ##.####...
.#..##..# #†.......
.#..###.# ##.####.#. ..
.#... ...###..####.#....
.##.#####...............
. #.# ##.#..##@#.....
#.# #.#..##B# .#. #
#..##.# ...)... .#..#..#
###...... ...#... ....


You could see a giant cockroach.

Vanquished Creatures
  An endoplasm (D:1)
  A giant cockroach (D:1)
  2 hobgoblins (D:1)
  2 bats (D:1)
  A frilled lizard (D:1)
  A goblin (D:1)
  A kobold (D:1)
  2 rats (D:1)
11 creatures vanquished.

Notes
Turn   | Place    | Note
-------+----------+-------------------------------------------
     0 | D:1      | Locuples the Minotaur Gladiator began the quest for the
                  | Orb.
     0 | D:1      | Reached XP level 1. HP: 18/18 MP: 0/0
   131 | D:1      | Reached XP level 2. HP: 23/25 MP: 1/1
   135 | D:1      | Reached skill level 4 in Long Blades
   136 | D:1      | Succumbed to a goblin's poison

Illustrated notes

Levels and vault maps discovered:
D:1:      dpeg_arrival_oval, layout_loops_ring

Skill      XL: |  1  2 |
---------------+-------+-----
Long Blades    | 4 |  4.0
Fighting       | |  2.6
Throwing       | |  2.0
Armour         | |  0.2
Dodging        | |  3.5

Action                   || total
-------------------------++-------
Melee: Long sword        ||    19
       Headbutt          ||     3
Armor: Chain mail        ||     7
Dodge: Dodged            ||     5

Table legend: (Time is in decaauts)
 A = Elapsed time spent in this place.
 B = Non-inter-level travel time spent in this place.
 C = Inter-level travel time spent in this place.
 D = Time resting spent in this place.
 E = Time spent auto-exploring this place.
 F = Levels seen in this place.
 G = Mean time per level.
                   A        B        C        D        E       F      G
               +--------+--------+--------+--------+--------+-----+--------+
         Total |    139 |    139 |      0 |      0 |     53 |   1 |  139.0 |
       Dungeon |    139 |    139 |      0 |      0 |     53 |   1 |  139.0 |
               +--------+--------+--------+--------+--------+-----+--------+

Top non-repeatable levels by time:
     D:1: 139 daAuts
